 Dungeon Crawl Stone Soup version 0.30-a0-223-gcb0039aa0c (webtiles) character file.

Game seed: 6136334227699785448

51 qw the Chopper (level 3, -6/23 HPs)
             Began as a Gargoyle Fighter on Oct 9, 2022.
             Mangled by a gnoll
             ... wielding a +0 halberd
              (9 damage)
             ... on level 2 of the Dungeon.
             The game lasted 00:00:31 (1416 turns).

qw the Chopper (Gargoyle Fighter)                   Turns: 1416, Time: 00:00:31

Health: -6/23      AC: 11    Str: 21    XL:     3   Next: 83%
Magic:  3/3        EV:  9    Int:  8    God:
Gold:   62         SH:  4    Dex:  9    Spells: 2/2 levels left

rFire   . . .      SeeInvis .    Y - +0 war axe
rCold   . . .      Faith    .    c - +0 buckler
rNeg    + . .      Spirit   .    b - +0 scale mail
rPois   inf        Reflect  .    m - +0 helmet
rElec   +          Harm     .    (no cloak)
rCorr   +          Rampage  .    (no gloves)
Will    +....                    (no boots)
Stlth   ..........               (no amulet)
HPRegen 0.23/turn                j - ring of resist corrosion
MPRegen 0.08/turn                l - ring of willpower

@: no status effects
A: sickness immunity, AC +3, negative energy resistance 1, electricity
resistance, torment resistance 1, petrification resistance
a: no special abilities


You were on level 2 of the Dungeon.
You visited 1 branch of the dungeon, and saw 2 of its levels.

You collected 62 gold pieces.


Innate Abilities, Weirdness & Mutations

You are immune to sickness and miasma.
Your stone body is resilient. (AC +3)
You are immune to poison.
You resist negative energy. (rN+)
You are resistant to electric shocks. (rElec)
You are resistant to unholy torment.
You are immune to petrification.


   Skills:
 - Level 3.2 Fighting
 + Level 3.6 Axes
 - Level 3.2 Armour
 - Level 3.2 Shields


You had 2 spell levels left.
You didn't know any spells.
Your spell library was empty.

Inventory:

Hand Weapons
 p - a +0 club
 Y - a +0 war axe (weapon)
Armour
 b - a +0 scale mail (worn)
 c - a +0 buckler (worn)
 m - a +0 helmet (worn)
Jewellery
 i - a ring of fire
 j - a ring of resist corrosion (left hand)
 l - a ring of willpower (right hand)
Scrolls
 f - a scroll of magic mapping {unknown}
 k - a scroll of identify
Potions
 a - 2 potions of degeneration {unknown}
 d - 2 potions of might
 e - a potion of attraction
 g - a potion of heal wounds {unknown}
 o - 2 potions of curing {unknown}

Dungeon Overview and Level Annotations

Branches:
Dungeon (2/15)

Altars:


Message History

Enter note: An endoplasm comes into view.
The endoplasm quivers.
You barely miss the endoplasm. The endoplasm freezes you.
You are frozen.
The endoplasm closely misses you.
You slash the endoplasm!
You kill the endoplasm!
You start resting.
HP restored.
There is a stone staircase leading down here.
There is a faded altar of an unknown god here. 2 gnolls come into view.
Found 3 javelins.
The gnoll shouts! x2
Enter note:
1411 ||| Stepping ~*~*~tactically~*~*~ (hiding).
There is a faded altar of an unknown god here.
Press < or > to pray at altars.
Press < or > to pray at altars.
Press < or > to pray at altars.
Press < or > to pray at altars.
The gnoll closely misses you.
You closely miss the gnoll. The gnoll closely misses you.
A gnoll comes into view. It is wielding a +0 flail.
The gnoll hits you but does no damage.
The gnoll shouts!
You hit the gnoll.
The gnoll is lightly wounded.
The gnoll hits you with a +0 halberd. The gnoll hits you but does no damage.
The gnoll hits you from afar with a +0 spear!
The gnoll closely misses you.
You slash the gnoll!
The gnoll is almost dead.
The gnoll hits you with a +0 halberd! The gnoll completely misses you.
You barely miss the gnoll.
The gnoll is almost dead.
The gnoll hits you with a +0 halberd!
You die...

...## ....# ....# #.#.#
#.#.# # #.#.#
####.#########.##.#.#
(....$...ggg...##.#.####.
..# #..\.@########........
..###
######.._#.........#.###.
...
.###......}....#######.#.#
..# .#.#.####..#### #.#.#
..####..#.#####.## #.#.#
.................# #.#.#
..........#####..#
#.#.####
.................#
#.#....#
#.####.#.#.#...#)# .####.#


You could see 3 gnolls.

Vanquished Creatures
  An adder (D:2)
  6 ball pythons
  7 bats
  6 endoplasms
  A giant cockroach (D:1)
  A goblin (D:1)
  A hobgoblin (D:1)
  3 jackals (D:1)
  3 kobolds
  5 quokkas
  2 frilled lizards (D:1)
  A rat (D:1)
37 creatures vanquished.

Notes
Turn   | Place    | Note
-------+----------+-------------------------------------------
     0 | D:1      | qw the Gargoyle Fighter began the quest for the Orb.
     0 | D:1      | Reached XP level 1. HP: 14/14 MP: 1/1
     0 | D:1      | 0 ||| qw: Version: 0.2-a-17-g06abaee
     0 | D:1      | 0 ||| qw: Game counter: 2145
     0 | D:1      | 0 ||| qw: Always use a shield: true
     0 | D:1      | 0 ||| qw: God list: Okawaru
     0 | D:1      | 0 ||| qw: Allow faded altars: false
     0 | D:1      | 0 ||| qw: Do Orc after D:15 true
     0 | D:1      | 0 ||| qw: Do second Lair branch before Depths: true
     0 | D:1      | 0 ||| qw: Lair rune preference: random
     0 | D:1      | 0 ||| qw: Plans: Normal, Zot:1-4, God:TSO, Crypt, Tomb,
                  | Pan, Slime:5, Hells, Abyss, Orb
     0 | D:1      | 0 ||| PLANNING D:1-11
   113 | D:1      | Reached XP level 2. HP: 19/19 MP: 2/2
   448 | D:1      | 448 ||| Stepping ~*~*~tactically~*~*~ (stealth).
   455 | D:1      | 455 ||| Stepping ~*~*~tactically~*~*~ (stealth).
   486 | D:1      | Reached skill level 3 in Axes
   626 | D:1      | Reached XP level 3. HP: 17/23 MP: 3/3
   727 | D:1      | 727 ||| Stepping ~*~*~tactically~*~*~ (stealth).
   730 | D:1      | 730 ||| Stepping ~*~*~tactically~*~*~ (stealth).
  1209 | D:1      | 1209 ||| UPGRADING to +0 helmet.
  1214 | D:1      | 1214 ||| UPGRADING to ring of resist corrosion.
  1215 | D:1      | 1215 ||| UPGRADING to ring of willpower.
  1216 | D:1      | 1216 ||| READING scroll labelled UTZAREMOZI.
  1217 | D:1      | 1217 ||| READING 2 scrolls labelled KAMPEK NUANUT RUH.
  1218 | D:1      | 1218 ||| READING 4 scrolls labelled QOROCEGEAZENU.
  1219 | D:1      | 1219 ||| READING scroll labelled ELUOGA KOPRICS.
  1220 | D:1      | 1220 ||| READING 3 scrolls of identify.
  1220 | D:1      | 1220 ||| IDENTIFYING green potion
  1221 | D:1      | 1221 ||| READING 2 scrolls of identify.
  1221 | D:1      | 1221 ||| IDENTIFYING metallic dark potion
  1222 | D:1      | 1222 ||| DROPPING potion of ambrosia.
  1223 | D:1      | 1223 ||| DROPPING scroll of butterflies.
  1282 | D:2      | 1282 ||| Stepping ~*~*~tactically~*~*~ (stealth).
  1310 | D:2      | Found a faded altar of an unknown god.
  1411 | D:2      | 1411 ||| Stepping ~*~*~tactically~*~*~ (hiding).
  1415 | D:2      | HP: 2/23 [gnoll/+0 halberd (9)]
  1416 | D:2      | Mangled by a gnoll

Levels and vault maps discovered:
D:1:      saegor_arrival_simple_a, layout_basic, kennysheep_pointless_box,
          dreamdust_mushroom_princess, minivault_4
D:2:      layout_loops_ring, ebering_ecumenical_altar_abandoned,
          minmay_tiny_reverse_x

Skill      XL: |  1  2 |
---------------+-------+-----
Axes           | 2 3 |  3.6
Fighting       | |  3.2
Armour         | |  3.2
Shields        | |  3.2

Action                   || total
-------------------------++-------
Melee: War axe           ||   104
Throw: Boomerang         ||    14
  Use: Scroll            ||     6
Armor: Scale mail        ||    55
Dodge: Dodged            ||    48
Block: Buckler           ||    15

Table legend:
 A = Non-vault XP
 B = Vault XP
 C = Vault XP percentage of total XP
 D = Non-vault monster count
 E = Vault monster count
 F = Vault count percentage of total count
                 A         B        C        D         E       F
            +---------+---------+-------+---------+---------+-------
      Total |      70 |       4 |   5.4 |      35 |       2 |   5.4
            +---------+---------+-------+---------+---------+-------
        D:1 |      49 |       0 |   0.0 |      28 |       0 |   0.0
        D:2 |      21 |       4 |  16.0 |       7 |       2 |  22.2
            +---------+---------+-------+---------+---------+-------
